 Dungeon Crawl Stone Soup version 0.24.1-8-ga250c9d538 (webtiles) character file.

Game seed: 716943793003359137, levelgen mode: deterministic

16 MoonSent the Scratcher (level 2, 0/14 HPs)
             Began as a Felid Fighter on Jan 5, 2020.
             Slain by a hobgoblin (3 damage)
             ... on level 2 of the Dungeon on Apr 28, 2020.
             The game lasted 00:04:11 (229 turns).

MoonSent the Scratcher (Felid Fighter)               Turns: 229, Time: 00:04:11

Health: 0/14       AC:  1    Str: 12    XL:     2   Next: 37%
Magic:  3/3        EV: 19    Int:  9    God:
Gold:   30         SH:  0    Dex: 15    Spells: 1/1 levels left
                                        Lives:  0   Deaths: 0

rFire    . . .     SeeInvis +     - Unarmed
rCold    . . .     Gourm    .   (shield unavailable)
rNeg     . . .     Faith    .   (armour unavailable)
rPois    .         Spirit   .   (helmet unavailable)
rElec    .         Reflect  .   (cloak unavailable)
rCorr    .         Harm     .   (gloves unavailable)
MR       .....                  (boots unavailable)
Stlth    ++........             (no amulet)
HPRegen  0.04/turn              (no ring)
MPRegen  0.08/turn              (no ring)

@: quick
A: very small, no armour, no weapons or thrown items, stealth, claws 1, fangs 3,
see invisible, carnivore, speed 1, shaggy fur 1, slow metabolism 1, sharp paws
a: no special abilities


You were on level 2 of the Dungeon.
You were not hungry.

You visited 1 branch of the dungeon, and saw 2 of its levels.

You collected 30 gold pieces.

Inventory:

Missiles
 d - 9 poisoned darts
 e - 7 boomerangs
Armour
 f - a +0 cloak
Scrolls
 g - a scroll of identify {unknown}
Potions
 a - a potion of might
 c - a potion of curing {unknown}
 h - a potion of brilliance {unknown}
Comestibles
 b - a ration


   Skills:
 + Level 3.1 Fighting
 + Level 4.2 Dodging
 + Level 4.4 Unarmed Combat


You had one spell level left.
You didn't know any spells.
Your spell library was empty.

Dungeon Overview and Level Annotations

Branches:
Dungeon (2/15)

Altars:


Innate Abilities, Weirdness & Mutations

You cannot wear armour.
You are incapable of wielding weapons or throwing items.
Your paws allow you to move quietly. (Stealth)
You have sharp claws.
You have razor-sharp teeth.
You have supernaturally acute eyesight. (SInv)
You are carnivorous and can eat meat at any time.
You cover ground quickly.
You are covered in fur. (AC +1)
You have a slow metabolism.
Your sharp claws are effective at attacking unaware monsters.


Message History

Orders for allies: a - Attack new target. r - Retreat! s - Stop attacking. g - Guard the area. f - Follow me.
Anything else - Cancel.
Gang up on whom?
Press: ? - help, Dir - move target cursor, f - kobold
Aim: a kobold, wielding a +0 club Attack!
Unknown command.
Unknown command.
The kobold completely misses you.
A kobold comes into view. It is wielding a +0 whip.
The hobgoblin misses you. The kobold hits you with a +0 club.
The hobgoblin hits you. The kobold closely misses you. The hobgoblin hits you.
* * * LOW HITPOINT WARNING * * *
The kobold closely misses you. The hobgoblin closely misses you.
The kobold misses you. The hobgoblin hits you.
You die...

# + #.. ..#
.##(#######...%.
........<.......
.###+##.#.#.###....#
..%.....#.......####
........#.....##...
#...K.K#......#
#.....g@......#
##....####.#...<#
#.... #?#....# #....
#.##..(# ##.## ..#
.#.# #. ... .#.. #


You could see a hobgoblin and 2 kobolds.

Vanquished Creatures
  A dart slug (D:1)
  2 giant cockroaches (D:1)
  3 goblins (D:1)
  A hobgoblin (D:1)
  A kobold (D:1)
  2 bats (D:1)
  A frilled lizard (D:1)
  A jackal zombie (D:1)
  A leopard gecko zombie (D:1)
13 creatures vanquished.

Notes
Turn   | Place    | Note
-------+----------+-------------------------------------------
     0 | D:1      | MoonSent the Felid Fighter began the quest for the Orb.
     0 | D:1      | Reached XP level 1. HP: 10/10 MP: 2/2
    10 | D:1      | Upgraded the game from 0.24.0-123-gd5b16e6ec5 to
                  | 0.24.1-8-ga250c9d538
   108 | D:1      | Reached XP level 2. HP: 8/14 MP: 3/3
   229 | D:2      | Slain by a hobgoblin

Levels and vault maps discovered:
D:1:      saegor_arrival_fortress, layout_rooms
D:2:      layout_basic, nicolae_overflow_hidden_temple,
          nicolae_tso_carved_into_rock, chequers_ecumenical_altar_island,
          uniq_sigmund

Action                   || total
-------------------------++-------
Melee: Unarmed           ||    23
       Bite              ||     3
       Punch             ||     1
Armor: Skin              ||     2
Dodge: Dodged            ||    27
